 Dungeon Crawl Stone Soup version 0.28-a0-687-gb91baff9cc (webtiles) character file.

Game seed: 12863012199659794554

736 kae the Insei (level 7, -3/58 HPs)
             Began as a White Draconian Transmuter on Oct 19, 2021.
             Slain by a water moccasin (8 damage)
             ... on level 5 of the Dungeon.
             The game lasted 00:02:44 (4539 turns).

kae the Insei (White Draconian Transmuter)          Turns: 4539, Time: 00:02:44

Health: -3/58      AC:  2    Str: 18    XL:     7   Next: 46%
Magic:  7/10       EV: 19    Int: 15    God:
Gold:   135        SH:  0    Dex: 17    Spells: 2/10 levels left

rFire   . . .      SeeInvis .     - Unarmed
rCold   . . .      Faith    .   (shield currently unavailable)
rNeg    . . .      Spirit   .   (armour unavailable)
rPois   x          Reflect  .   (helmet currently unavailable)
rElec   .          Harm     .   (cloak currently unavailable)
rCorr   .          Rampage  .   (gloves currently unavailable)
Will    .....                   (boots currently unavailable)
Stlth   ++........              (no amulet)
HPRegen 0.19/turn               e - +6 ring of strength
MPRegen 0.12/turn               (no ring)

@: lethally poisoned (-3 -> -32), short of breath, spider-form, attractive
A: venomous fangs, (breathe frost), AC +6, tiny, unfitting armour, (cold
resistance 1), (cold-blooded)
a: End Transformation


You were on level 5 of the Dungeon.
You were a venomous arachnid creature.
You visited 1 branch of the dungeon, and saw 5 of its levels.

You collected 135 gold pieces.

Inventory:

Jewellery
 e - a +6 ring of strength (left front leg)
Wands
 g - a wand of iceblast (7)
 h - a wand of mindburst (12)
Scrolls
 b - 5 scrolls of identify
 c - a scroll of magic mapping
Potions
 a - 2 potions of might
 d - a potion of curing {unknown}


   Skills:
 + Level 3.9 Fighting
 - Level 1.7 Dodging
 * Level 5.9 Unarmed Combat
 - Level 2.0 Spellcasting
 + Level 4.0 Transmutations
 * Level 3.6 Ice Magic
 - Level 2.0 Poison Magic


You had 2 spell levels left.
You knew the following spells:

 Your Spells              Type           Power      Damage    Failure   Level
a - Beastly Appendage     Tmut           26%        N/A       13%         1
b - Spider Form           Tmut/Pois      5%         N/A       38%         3
c - Ice Form              Ice/Tmut       13%        N/A       63%         4

Your spell library contained the following spells:

 Spells                   Type           Power      Damage    Failure   Level
 Wereblood                Tmut           13%        N/A       17%         2
 Fulminant Prism          Conj/Hex       0%         3d6       98%         4
 Iskenderun's Mystic Bla  Conj/Tloc      1%         2d3       98%         4
 Lee's Rapid Deconstruct  Erth           0%         3d5*      100%        5
 Malign Gateway           Summ/Tloc      0%         N/A       100%        7
 Summon Horrible Things   Summ           0%         N/A       100%        8


Dungeon Overview and Level Annotations

Branches:
Dungeon (5/15)
 Temple: D:4-7

Altars:
Ashenzari
Fedhas

Annotations:
D:3 3 runed translucent doors, thewiebster's ghost, amateur GnFi


Innate Abilities, Weirdness & Mutations

You are a venomous arachnid creature.
You have poisonous fangs.
You are tiny and dextrous.
Your spellcasting is less reliable in this form.
Your armour is entirely melded.
You are incapable of wielding weapons or throwing items.
((You can breathe waves of freezing cold which knock back foes.))
((Your icy white scales are hard. (AC +6)))
You cannot fit into any form of body armour.
((Your flesh is cold resistant. (rC+)))
((You are cold-blooded and may be slowed by cold attacks.))


Message History

The hound zombie resists.
The hound zombie is lightly damaged.
The hound zombie is blown backwards by the freezing wind.
The hound zombie collides with the iguana!
The freezing breath hits the iguana!
The iguana is heavily wounded.
The iguana is blown backwards by the freezing wind.
The centaur closely misses you. The centaur barely misses you.
The water moccasin bites you.
You are poisoned.
The water moccasin poisons you! The centaur completely misses you.
The centaur misses you.
Casting: Spider Form (dangerous; 19% risk of failure)
Confirm with . or Enter, or press ? or * to list all spells.
You turn into a venomous arachnid creature.
You feel very sick. The water moccasin misses you.
The centaur barely misses you. x2
You feel very sick. The water moccasin closely misses you.
The centaur barely misses you. The centaur kicks you.
The water moccasin bites you. The centaur hits you.
The centaur closely misses you.
You hit the water moccasin.
The water moccasin is severely wounded.
You feel very sick. The centaur hits you. The centaur kicks you.
The water moccasin bites you.
You are lethally poisoned!
The water moccasin poisons you!
You completely miss the water moccasin.
The water moccasin is severely wounded.
* * * LOW HITPOINT WARNING * * *
You feel extremely sick. The centaur completely misses you.
The centaur closely misses you. The water moccasin barely misses you.
It was a potion of attraction.
You feel attractive to monsters.
* * * LOW HITPOINT WARNING * * *
You feel extremely sick. The centaur barely misses you. The centaur misses you.
The water moccasin bites you!
You die...

########### #.....<...#
###### #.........#
#....########.+ #.........#
#.............# #.........#
##......<......#
..........####..............+
#..".....ZSs..............#
..#.##)#..lc...............#
#.l..#...###.....[.....<.+
#.Z##..†## ##.##.........#
#...##.#.......##.........#
#.#...........#######.######
#..#.......... #.#
#........... #:#
....####...>#


You could see a water moccasin, a centaur, an iguana and a hound zombie.

Vanquished Creatures
  2 ogres
  A centaur (D:4)
  A phantom (D:5)
  A water moccasin skeleton (D:4)
  3 jellies (D:4)
  3 hounds
  Jessica (D:3)
  2 iguanas (D:4)
  6 adders
  A dart slug (D:1)
  4 ball pythons
  5 bats
  7 endoplasms
  3 giant cockroaches
  3 goblins
  3 hobgoblins
  2 quokkas
  3 frilled lizards (D:1)
  6 kobolds
  4 rats
61 creatures vanquished.

Notes
Turn   | Place    | Note
-------+----------+-------------------------------------------
     0 | D:1      | kae the Draconian Transmuter began the quest for the Orb.
     0 | D:1      | Reached XP level 1. HP: 16/16 MP: 3/3
   159 | D:1      | Reached XP level 2. HP: 21/23 MP: 3/5
   964 | D:2      | Reached XP level 3. HP: 27/29 MP: 4/6
   968 | D:2      | Learned a level 3 spell: Spider Form
  2337 | D:3      | Reached skill level 1 in Poison Magic
  2371 | D:3      | Noticed Jessica
  2376 | D:3      | Killed Jessica
  2377 | D:3      | Reached skill level 4 in Unarmed Combat
  2377 | D:3      | Reached XP level 4. HP: 36/36 MP: 5/7
  2715 | D:3      | Noticed thewiebster's ghost (amateur GnFi)
  2718 | D:3      | Noticed a phantom
  2723 | D:3      | Found a runed translucent gate.
  2723 | D:3      | Found a runed translucent gate.
  2723 | D:3      | Found a runed translucent gate.
  3057 | D:4      | Reached XP level 5. HP: 35/42 MP: 4/8
  3057 | D:4      | Identified the +4 plate armour of Intuition {rN+}
  3490 | D:4      | Found a broken altar of Ashenzari.
  3509 | D:4      | Reached skill level 5 in Unarmed Combat
  3509 | D:4      | Reached XP level 6. HP: 35/51 MP: 9/9
  3514 | D:4      | Learned a level 4 spell: Ice Form
  3662 | D:4      | HP: 2/51 [ogre (28)]
  3666 | D:4      | Reached skill level 1 in Ice Magic
  4047 | D:4      | Found a blossoming altar of Fedhas.
  4304 | D:4      | Your scales start taking on an icy white colour.
  4304 | D:4      | Reached XP level 7. HP: 46/57 MP: 6/10
  4304 | D:4      | Gained mutation: Your flesh is cold resistant. (rC+) [White
                  | Draconian growth]
  4388 | D:5      | Entered Level 5 of the Dungeon
  4539 | D:5      | Slain by a water moccasin

Illustrated notes

Levels and vault maps discovered:
D:1:      minmay_arrival_four_houses, layout_rooms, minivault_25,
          dk_noncrumbling_2
D:2:      layout_basic, columned_hall_lemuel
D:3:      layout_rooms, gammafunk_ghost_split, uniq_jessica
D:4:      layout_rooms, kennysheep_mini, marbit_many_paths
D:5:      layout_rooms, mainiacjoe_overflow_boulevard,
          mainiacjoe_overflow_24_doors, minmay_manual_mail

Skill      XL: |  1  2  3  4  5  6  7 |
---------------+----------------------+-----
Fighting       | 2 3 |  3.9
Poison Magic   | 1 2 |  2.0
Unarmed Combat | 4 5 |  5.9
Transmutations | 3 4 |  4.0
Ice Magic      | 2 3 |  3.6
Dodging        | |  1.7
Spellcasting   | |  2.0

Action                   |  1- 3 |  4- 6 |  7- 9 || total
-------------------------+-------+-------+-------++-------
Melee: Unarmed           |   128 |    77 |    19 ||   224
       Tailslap          |    10 |     9 |       ||    19
       Kick              |    12 |    20 |       ||    32
       Headbutt          |     6 |     5 |       ||    11
       Punch             |     2 |     1 |       ||     3
 Cast: Beastly Appendage |    18 |    11 |       ||    29
       Spider Form       |       |     4 |     4 ||     8
 Abil: Breathe Frost     |       |       |     2 ||     2
  Use: Scroll            |     1 |     3 |       ||     4
       Potion            |       |       |     1 ||     1
 Stab: Sleeping          |     1 |       |       ||     1
Armor: Skin              |    42 |    12 |     2 ||    56
Dodge: Dodged            |   103 |    66 |    32 ||   201

Table legend: (Time is in decaauts)
 A = Elapsed time spent in this place.
 B = Non-inter-level travel time spent in this place.
 C = Inter-level travel time spent in this place.
 D = Time resting spent in this place.
 E = Time spent auto-exploring this place.
 F = Levels seen in this place.
 G = Mean time per level.
                   A        B        C        D        E       F      G
               +--------+--------+--------+--------+--------+-----+--------+
         Total |   4520 |   4362 |    158 |     65 |   3759 |   5 |  904.0 |
       Dungeon |   4520 |   4362 |    158 |     65 |   3759 |   5 |  904.0 |
               +--------+--------+--------+--------+--------+-----+--------+

Top non-repeatable levels by time:
     D:4: 1410 daAuts
     D:2: 1317 daAuts
     D:1: 926 daAuts
     D:3: 717 daAuts
     D:5: 148 daAuts
